TOP OF THE 1ST |
---|
State College Spikes batting - Pitching for Scottsdale Scorpions : RHP John Robinson | Pitching: RHP John Robinson | | Batting: RHB Norberto Márquez | 0-0: Swinging Strike 0-1: Swinging Strike 0-2: Ball 1-2: Ground out 1-3 (Groundball, 13S) | Batting: RHB Andrew Pinto | 0-0: Foul Ball, location: 2F 0-1: Foul Ball, location: 2F 0-2: Ball 1-2: Strikes out swinging | Batting: LHB Edward Bennett | 0-0: Fly out, F8 (Flyball, 8LM) | Top of the 1st over - 0 runs, 0 hits, 0 errors, 0 left on base; State College 0 - Scottsdale 0 | BOTTOM OF THE 1ST |
---|
Scottsdale Scorpions batting - Pitching for State College Spikes : RHP Chris Day | Pitching: RHP Chris Day | | Batting: LHB Ernesto Hernández | 0-0: Ball 1-0: Swinging Strike 1-1: Ball 2-1: Ground out 4-3 (Groundball, 4) | Batting: SHB Luis López | 0-0: Called Strike 0-1: Ball 1-1: Ball 2-1: Called Strike 2-2: Ground out 3-1 (Groundball, 3S) | Batting: LHB Shawn Brown | 0-0: Called Strike 0-1: Fly out, F9 (Flyball, 9LSF) | Bottom of the 1st over - 0 runs, 0 hits, 0 errors, 0 left on base; State College 0 - Scottsdale 0 | TOP OF THE 2ND |
---|
State College Spikes batting - Pitching for Scottsdale Scorpions : RHP John Robinson | Batting: RHB Mike Hurt | 0-0: Ball 1-0: Ball 2-0: SINGLE (Groundball, 6) (infield hit) | Batting: LHB Javier Morales | 0-0: Ball 1-0: Fly out, F3 (Popup, 34) | Batting: RHB Daniel Martínez | 0-0: Called Strike 0-1: Ball Wild Pitch! Mike Hurt to second 1-1: Swinging Strike 1-2: Strikes out looking | Batting: LHB Wilson Turner | 0-0: Ground out 4-3 (Groundball, 4) | Top of the 2nd over - 0 runs, 1 hit, 0 errors, 1 left on base; State College 0 - Scottsdale 0 | BOTTOM OF THE 2ND |
---|
Scottsdale Scorpions batting - Pitching for State College Spikes : RHP Chris Day | Batting: LHB Pedro Díaz | 0-0: Ball 1-0: Called Strike 1-1: SOLO HOME RUN (Flyball, 89XD), Distance : 383 ft | Batting: SHB Arnold Moore | 0-0: Ground out 4-3 (Groundball, 4) | Batting: LHB Manny Vigil | 0-0: Called Strike 0-1: Foul Ball, location: 2F 0-2: Ball 1-2: Fly out, F7 (Flyball, 7S) | Batting: RHB Steve Boyer | 0-0: Foul Ball, location: 2F 0-1: SINGLE (Line Drive, 89S) | Batting: SHB Juan Gonzáles | 0-0: Foul Ball, location: 2F 0-1: Ball 1-1: Ball 2-1: Swinging Strike 2-2: Ball 3-2: Fly out, F8 (Line Drive, 8LS) | Bottom of the 2nd over - 1 run, 2 hits, 0 errors, 1 left on base; State College 0 - Scottsdale 1 | TOP OF THE 3RD |
---|
State College Spikes batting - Pitching for Scottsdale Scorpions : RHP John Robinson | Batting: RHB Gustavo Martínez | 0-0: Ground out 1-3 (Groundball, 13S) | Batting: RHB Héctor Villarreal | 0-0: Ball 1-0: SINGLE (Groundball, 56D) | Batting: RHB Norberto Márquez | 0-0: Foul Ball, location: 2F 0-1: Called Strike 0-2: Ball 1-2: Ball 2-2: Ball 3-2: Ground out 6-3 (Groundball, 6M) Héctor Villarreal to second | Batting: RHB Andrew Pinto | 0-0: Ball 1-0: Ball 2-0: Called Strike 2-1: Ball 3-1: Foul Ball, location: 2F 3-2: Foul Ball, location: 2F 3-2: Fly out, F9 (Flyball, 9D) | Top of the 3rd over - 0 runs, 1 hit, 0 errors, 1 left on base; State College 0 - Scottsdale 1 | BOTTOM OF THE 3RD |
---|
Scottsdale Scorpions batting - Pitching for State College Spikes : RHP Chris Day | Batting: RHB José Méndez | 0-0: Ball 1-0: Swinging Strike 1-1: Ball 2-1: Ball 3-1: Swinging Strike 3-2: Strikes out swinging | Batting: LHB Ernesto Hernández | 0-0: Called Strike 0-1: Ball 1-1: Ground out 6-3 (Groundball, 6M) | Batting: SHB Luis López | 0-0: Ball 1-0: Foul Ball, location: 2F 1-1: Swinging Strike 1-2: Ball 2-2: SINGLE (Line Drive, 6) | Batting: LHB Shawn Brown | 0-0: Called Strike 0-1: Called Strike 0-2: Ball 1-2: Strikes out swinging | Bottom of the 3rd over - 0 runs, 1 hit, 0 errors, 1 left on base; State College 0 - Scottsdale 1 | TOP OF THE 4TH |
---|
State College Spikes batting - Pitching for Scottsdale Scorpions : RHP John Robinson | Batting: LHB Edward Bennett | 0-0: Ball 1-0: Ball 2-0: Foul Ball, location: 2F 2-1: Foul Ball, location: 2F 2-2: SOLO HOME RUN (Flyball, 9LD), Distance : 330 ft | Batting: RHB Mike Hurt | 0-0: Ball 1-0: SINGLE (Groundball, 34D) | Batting: LHB Javier Morales | 0-0: Ball 1-0: Foul Ball, location: 2F 1-1: Ball 2-1: Fielders Choice at 2nd, 4-6 (Groundball, 4) | Batting: RHB Daniel Martínez | 0-0: Called Strike 0-1: Foul Ball, location: 2F 0-2: Ball Javier Morales is caught stealing 2nd base 1-2: Strikes out swinging | Top of the 4th over - 1 run, 2 hits, 0 errors, 0 left on base; State College 1 - Scottsdale 1 | BOTTOM OF THE 4TH |
---|
Scottsdale Scorpions batting - Pitching for State College Spikes : RHP Chris Day | Batting: LHB Pedro Díaz | 0-0: Called Strike 0-1: Foul Ball, location: 2F 0-2: Ball 1-2: Ball 2-2: Ground out 2-3 (Groundball, 2L) | Batting: SHB Arnold Moore | 0-0: Ball 1-0: Called Strike 1-1: Ball 2-1: Ball 3-1: Foul Ball, location: 2F 3-2: Base on Balls | Batting: LHB Manny Vigil | 0-0: Foul Ball, location: 2F 0-1: Ball 1-1: Ball 2-1: Ball 3-1: Fly out, F8 (Flyball, 89D) | Batting: RHB Steve Boyer | 0-0: Foul Ball, location: 2F 0-1: Swinging Strike 0-2: Strikes out swinging | Bottom of the 4th over - 0 runs, 0 hits, 0 errors, 1 left on base; State College 1 - Scottsdale 1 | TOP OF THE 5TH |
---|
State College Spikes batting - Pitching for Scottsdale Scorpions : RHP John Robinson | Batting: LHB Wilson Turner | 0-0: SINGLE (Groundball, 23) (infield hit) | Batting: RHB Gustavo Martínez | 0-0: Ball 1-0: Foul Ball, location: 2F 1-1: Called Strike 1-2: Fly out, F9 (Flyball, 9D) | Batting: RHB Héctor Villarreal | 0-0: Ball 1-0: Fielders Choice at 2nd, 6-4 (Groundball, 6M) | Batting: RHB Norberto Márquez | 0-0: Ball 1-0: Ball 2-0: DOUBLE (Groundball, 5L) Héctor Villarreal to third Runner from 3rd tries for Home, SAFE, no throw | Batting: RHB Andrew Pinto | 0-0: Called Strike 0-1: Ball 1-1: Swinging Strike 1-2: Strikes out swinging | Top of the 5th over - 1 run, 2 hits, 0 errors, 1 left on base; State College 2 - Scottsdale 1 | BOTTOM OF THE 5TH |
---|
Scottsdale Scorpions batting - Pitching for State College Spikes : RHP Chris Day | Batting: SHB Juan Gonzáles | 0-0: Ground out 5-3 (Groundball, 5) | Batting: RHB José Méndez | 0-0: Ball 1-0: Ball 2-0: Ball 3-0: Called Strike 3-1: Foul Ball, location: 2F 3-2: DOUBLE (Line Drive, 7LM) | Batting: LHB Ernesto Hernández | 0-0: Called Strike 0-1: Ball 1-1: Called Strike 1-2: Ground out 1-3 (Groundball, 13S) José Méndez to third | Batting: SHB Luis López | 0-0: SINGLE (Line Drive, 6MD) José Méndez scores | Batting: LHB Shawn Brown | 0-0: Called Strike 0-1: Foul Ball, location: 2F 0-2: Foul Ball, location: 2F 0-2: Ball 1-2: Strikes out looking | Bottom of the 5th over - 1 run, 2 hits, 0 errors, 1 left on base; State College 2 - Scottsdale 2 | TOP OF THE 6TH |
---|
State College Spikes batting - Pitching for Scottsdale Scorpions : RHP John Robinson | Batting: LHB Edward Bennett | 0-0: Swinging Strike 0-1: Called Strike 0-2: DOUBLE (Line Drive, 7LM) | Batting: RHB Mike Hurt | 0-0: Ball 1-0: Ball 2-0: Ball 3-0: Base on Balls | Batting: LHB Javier Morales | 0-0: Swinging Strike 0-1: Foul Ball, location: 2F 0-2: Foul Ball, location: 2F 0-2: Ball 1-2: Grounds into double play, 4-6-3 (Groundball, 4) Edward Bennett to third | Batting: RHB Daniel Martínez | 0-0: Intentional Walk | Batting: LHB Wilson Turner | 0-0: Ball 1-0: Foul Ball, location: 2F 1-1: Ball 2-1: DOUBLE (Groundball, 5L) Edward Bennett scores Daniel Martínez to third | Batting: RHB Gustavo Martínez | 0-0: Ball 1-0: Ball 2-0: Ball 3-0: Called Strike 3-1: Called Strike 3-2: Strikes out looking | Top of the 6th over - 1 run, 2 hits, 0 errors, 2 left on base; State College 3 - Scottsdale 2 | BOTTOM OF THE 6TH |
---|
Scottsdale Scorpions batting - Pitching for State College Spikes : RHP Chris Day | Pitching: RHP Eric Murphy | | Batting: LHB Pedro Díaz | 0-0: Ball 1-0: Ball 2-0: Foul Ball, location: 2F 2-1: DOUBLE (Line Drive, 9LD) | Batting: SHB Arnold Moore | 0-0: Called Strike 0-1: Foul Ball, location: 2F 0-2: Strikes out swinging | Batting: LHB Manny Vigil | 0-0: Ball 1-0: Called Strike 1-1: Ball 2-1: Ball 3-1: Base on Balls | Batting: RHB Steve Boyer | 0-0: Called Strike 0-1: Foul Ball, location: 2F 0-2: Foul Ball, location: 2F 0-2: Ball 1-2: Ball 2-2: Fly out, F9 (Flyball, 9LSF) | Batting: SHB Juan Gonzáles | 0-0: Called Strike 0-1: Foul Ball, location: 2F 0-2: Strikes out looking | Bottom of the 6th over - 0 runs, 1 hit, 0 errors, 2 left on base; State College 3 - Scottsdale 2 | TOP OF THE 7TH |
---|
State College Spikes batting - Pitching for Scottsdale Scorpions : RHP John Robinson | Batting: RHB Héctor Villarreal | 0-0: Ball 1-0: Foul Ball, location: 2F 1-1: Hit by Pitch | Batting: RHB Norberto Márquez | 0-0: Ball 1-0: Called Strike 1-1: Ball 2-1: Sac Bunt - play at first, batter OUT! 5-4 Héctor Villarreal to second | Batting: RHB Andrew Pinto | 0-0: Ball 1-0: Ground out 4-3 (Groundball, 4) Héctor Villarreal to third | Batting: LHB Edward Bennett | 0-0: Intentional Walk | Batting: RHB Mike Hurt | 0-0: Fly out, F2 (Popup, 13S) | Top of the 7th over - 0 runs, 0 hits, 0 errors, 2 left on base; State College 3 - Scottsdale 2 | BOTTOM OF THE 7TH |
---|
Scottsdale Scorpions batting - Pitching for State College Spikes : RHP Eric Murphy | Batting: RHB José Méndez | 0-0: Called Strike 0-1: Foul Ball, location: 2F 0-2: Ball 1-2: Ball 2-2: SINGLE (Flyball, 89S) | Pitching: LHP Joe Jewell | | Pinch Hitting: RHB Edgardo Gonzáles | 0-0: Foul Ball, location: 2F 0-1: Foul Ball, location: 2F 0-2: Ball 1-2: Foul Ball, location: 2F 1-2: SINGLE (Groundball, 56D) José Méndez to second | Batting: SHB Luis López | 0-0: Called Strike 0-1: Ball 1-1: Ball 2-1: Swinging Strike 2-2: Foul Ball, location: 2F 2-2: Grounds into double play, 5-4-3 (Groundball, 5) José Méndez to third | Batting: LHB Shawn Brown | 0-0: Ball 1-0: Foul Ball, location: 2F 1-1: Ball 2-1: Ball 3-1: Base on Balls | Batting: LHB Pedro Díaz | 0-0: Ball 1-0: Foul Ball, location: 2F 1-1: SINGLE (Groundball, 34D) José Méndez scores Shawn Brown to second Runner from 2nd tries for 3rd, SAFE, no throw | Batting: SHB Arnold Moore | 0-0: DOUBLE (Line Drive, 78S) Shawn Brown scores Pedro Díaz to third Runner from 3rd tries for Home, SAFE, no throw | Batting: LHB Manny Vigil | 0-0: Ball 1-0: Ball 2-0: Called Strike 2-1: Ball 3-1: Called Strike 3-2: Base on Balls | Pitching: RHP Carlos Encarnación | | Batting: RHB Steve Boyer | 0-0: Called Strike 0-1: Fly out, F8 (Flyball, 78M) | Bottom of the 7th over - 3 runs, 4 hits, 0 errors, 2 left on base; State College 3 - Scottsdale 5 | TOP OF THE 8TH |
---|
State College Spikes batting - Pitching for Scottsdale Scorpions : RHP John Robinson | Now at SS: Robinson Fernández | | Now in LF: Edgardo Gonzáles | | Now in CF: Mike Hall | | Batting: LHB Javier Morales | 0-0: Ball 1-0: Called Strike 1-1: Fly out, F9 (Flyball, 9LSF) | Batting: RHB Daniel Martínez | 0-0: Ball 1-0: Reached on error, E5 (Groundball, 5L) | Batting: LHB Wilson Turner | 0-0: Fly out, F5 (Popup, 56) | Batting: RHB Gustavo Martínez | 0-0: Called Strike 0-1: Fly out, F8 (Flyball, 8LD) | Top of the 8th over - 0 runs, 0 hits, 1 error, 1 left on base; State College 3 - Scottsdale 5 | BOTTOM OF THE 8TH |
---|
Scottsdale Scorpions batting - Pitching for State College Spikes : RHP Carlos Encarnación | Batting: RHB Robinson Fernández | 0-0: DOUBLE (Flyball, 7LD) | Batting: RHB José Méndez | 0-0: Ball 1-0: Swinging Strike 1-1: 2-RUN HOME RUN (Flyball, 9LD), Distance : 309 ft | Pitching: RHP José Sánchez | | Batting: RHB Edgardo Gonzáles | 0-0: SINGLE (Groundball, 6MD) | Batting: SHB Luis López | 0-0: Called Strike 0-1: Ball 1-1: Foul Ball, location: 2F 1-2: Grounds into double play, 5-4-3 (Groundball, 56) | Batting: RHB Mike Hall | 0-0: Called Strike 0-1: SINGLE (Groundball, 4S) (infield hit) | Batting: LHB Pedro Díaz | 0-0: Called Strike 0-1: Swinging Strike 0-2: Strikes out swinging | Bottom of the 8th over - 2 runs, 4 hits, 0 errors, 1 left on base; State College 3 - Scottsdale 7 | TOP OF THE 9TH |
---|
State College Spikes batting - Pitching for Scottsdale Scorpions : RHP John Robinson | Batting: RHB Héctor Villarreal | 0-0: Ball 1-0: Ball 2-0: Fly out, F8 (Flyball, 8RD) | Batting: RHB Norberto Márquez | 0-0: Called Strike 0-1: Ball 1-1: Called Strike 1-2: Foul Ball, location: 2F 1-2: Foul Ball, location: 2F 1-2: Strikes out swinging | Batting: RHB Andrew Pinto | 0-0: SINGLE (Groundball, 56S) (infield hit) | Pitching: LHP António Rodríguez | | Batting: LHB Edward Bennett | 0-0: Ball 1-0: Ball 2-0: Called Strike 2-1: Called Strike 2-2: Strikes out swinging | Top of the 9th over - 0 runs, 1 hit, 0 errors, 1 left on base; State College 3 - Scottsdale 7 | |